 Dungeon Crawl Stone Soup version 0.29-a0-284-gf9362112df (webtiles) character file.

Game seed: 9748180608640695603

9 being54 the Covered (level 2, -1/19 HPs)
             Began as a Gargoyle Fighter on Mar 16, 2022.
             Frozen to death by an endoplasm (3 damage)
             ... on level 1 of the Dungeon.
             The game lasted 00:00:25 (352 turns).

being54 the Covered (Gargoyle Fighter)               Turns: 352, Time: 00:00:27

Health: -1/19      AC:  9    Str: 19    XL:     2   Next: 16%
Magic:  2/2        EV:  9    Int:  8    God:
Gold:   21         SH:  4    Dex:  9    Spells: 1/1 levels left

rFire   . . .      SeeInvis .   a - +0 flail
rCold   . . .      Faith    .   c - +0 buckler
rNeg    + . .      Spirit   .   b - +0 scale mail
rPois   ∞          Reflect  .   (no helmet)
rElec   +          Harm     .   (no cloak)
rCorr   .          Rampage  .   (no gloves)
Will    .....                   (no boots)
Stlth   ..........              (no amulet)
HPRegen 0.06/turn               (no ring)
MPRegen 0.08/turn               (no ring)

@: no status effects
A: sickness immunity, AC +2, negative energy resistance 1, electricity
resistance, torment resistance 1, petrification resistance
a: no special abilities


You were on level 1 of the Dungeon.
You visited 1 branch of the dungeon, and saw 1 of its levels.

You collected 21 gold pieces.

Inventory:

Hand Weapons
 a - a +0 flail (weapon)
Armour
 b - a +0 scale mail (worn)
 c - a +0 buckler (worn)
Scrolls
 e - a scroll of identify {unknown}
 f - a scroll of immolation {unknown}
Potions
 d - a potion of might


   Skills:
 + Level 3.3 Fighting
 + Level 2.0 Maces & Flails
 + Level 3.6 Armour
 + Level 0.2 Dodging
 + Level 3.4 Shields


You had one spell level left.
You didn't know any spells.
Your spell library was empty.

Dungeon Overview and Level Annotations

Branches:
Dungeon (1/15)

Altars:


Innate Abilities, Weirdness & Mutations

You are immune to sickness and miasma.
Your stone body is resilient. (AC +2)
You are immune to poison.
You resist negative energy. (rN+)
You are resistant to electric shocks. (rElec)
You are resistant to unholy torment.
You are immune to petrification.


Message History

The kobold shouts!
An endoplasm comes into view.
The goblin hits you but does no damage.
You barely miss the goblin.
A gnoll comes into view. It is wielding a +2 whip of venom.
You block the goblin's attack. The bat hits you but does no damage.
You sock the goblin!
You kill the goblin!
The bat hits you but does no damage. x2
You barely miss the bat. The bat barely misses you. x2
The endoplasm jiggles.
The gnoll hits you with a +2 whip of venom.
You hit the gnoll.
The gnoll is lightly wounded.
The bat hits you but does no damage.
The kobold hits you with a +0 short sword.
The gnoll hits you with a +2 whip of venom!
* * * LOW HITPOINT WARNING * * *
You are too injured to fight recklessly!
You block the bat's attack. The bat hits you but does no damage.
The bat hits you but does no damage.
There is an open door here.
The kobold attacks as you move away! The kobold barely misses you.
You closely miss the kobold. The kobold closely misses you.
You thump the kobold!
You kill the kobold!
The bat barely misses you.
The endoplasm hits you but does no damage.
You hit the endoplasm.
The endoplasm is severely wounded.
The bat closely misses you. You block the endoplasm's attack.
You hit the endoplasm but do no damage.
The endoplasm is severely wounded.
The bat hits you.
* * * LOW HITPOINT WARNING * * *
The bat closely misses you. The endoplasm freezes you.
You are frozen.
You die...

#.#....#
#.#...## #
#...# ###.# #
####.## #.
#.....#
#####.#####.###
#.........#b#
#....!)..gJ@#
#.........###
..........#
..######### .


You could see a gnoll, an endoplasm and a bat.

Vanquished Creatures
  A bat (D:1)
  An endoplasm (D:1)
  A giant cockroach (D:1)
  2 goblins (D:1)
  A hobgoblin (D:1)
  A kobold (D:1)
  A rat (D:1)
8 creatures vanquished.

Notes
Turn   | Place    | Note
-------+----------+-------------------------------------------
     0 | D:1      | being54 the Gargoyle Fighter began the quest for the Orb.
     0 | D:1      | Reached XP level 1. HP: 14/14 MP: 1/1
   329 | D:1      | Reached XP level 2. HP: 19/19 MP: 2/2
   352 | D:1      | Frozen to death by an endoplasm

Illustrated notes

Levels and vault maps discovered:
D:1:      minmay_arrival_up_and_down, layout_basic

Action                   || total
-------------------------++-------
Melee: Flail             ||    29
Armor: Scale mail        ||    21
Dodge: Dodged            ||    16
Block: Buckler           ||    10

Table legend: (Time is in decaauts)
 A = Elapsed time spent in this place.
 B = Non-inter-level travel time spent in this place.
 C = Inter-level travel time spent in this place.
 D = Time resting spent in this place.
 E = Time spent auto-exploring this place.
 F = Levels seen in this place.
 G = Mean time per level.
                   A        B        C        D        E       F      G
               +--------+--------+--------+--------+--------+-----+--------+
         Total |    361 |    361 |      0 |    172 |    122 |   1 |  361.0 |
       Dungeon |    361 |    361 |      0 |    172 |    122 |   1 |  361.0 |
               +--------+--------+--------+--------+--------+-----+--------+

Top non-repeatable levels by time:
     D:1: 361 daAuts
